 Dungeon Crawl Stone Soup version 0.28-a0-664-gc179e30c89 (webtiles) character file.

Game seed: 163869574713552318

2 Aneyh the Caller (level 1, -1/15 HPs)
             Began as a Demigod Summoner on Oct 16, 2021.
             Slain by a quokka (3 damage)
             ... on level 1 of the Dungeon.
             The game lasted 00:00:39 (112 turns).

Aneyh the Caller (Demigod Summoner)                  Turns: 112, Time: 00:00:40

Health: -1/15      AC:  2    Str:  9    XL:     1   Next: 26%
Magic:  3/5        EV: 12    Int: 17    God:
Gold:   0          SH:  0    Dex: 14    Spells: 2/3 levels left

rFire   . . .      SeeInvis .   (no weapon)
rCold   . . .      Faith    .   (no shield)
rNeg    . . .      Spirit   .   a - +0 robe
rPois   .          Reflect  .   (no helmet)
rElec   .          Harm     .   (no cloak)
rCorr   .          Rampage  .   (no gloves)
Will    .....                   (no boots)
Stlth   ++........              (no amulet)
HPRegen 0.05/turn               (no ring)
MPRegen 0.09/turn               (no ring)

@: no status effects
A: high mp 1, forlorn
a: no special abilities


You were on level 1 of the Dungeon.
You visited 1 branch of the dungeon, and saw 1 of its levels.

Inventory:

Missiles
 b - 16 arrows
Armour
 a - a +0 robe (worn)


   Skills:
 + Level 0.3 Fighting
 + Level 1.7 Dodging
 + Level 1.7 Stealth
 + Level 1.8 Spellcasting
 + Level 3.6 Summonings


You had 2 spell levels left.
You knew the following spells:

 Your Spells              Type           Power      Damage    Failure   Level
a - Summon Small Mammal   Summ           52%        N/A       4%          1

Your spell library contained the following spells:

 Spells                   Type           Power      Damage    Failure   Level
 Call Imp                 Summ           13%        N/A       7%          2
 Pain                     Necr           4%         1d4       21%         1
 Call Canine Familiar     Summ           13%        N/A       13%         3
 Summon Guardian Golem    Hex/Summ       7%         N/A       28%         3
 Summon Lightning Spire   Summ/Air       7%         N/A       67%         4
 Agony                    Necr           1%         N/A       99%         5
 Excruciating Wounds      Necr           0%         N/A       99%         5


Dungeon Overview and Level Annotations

Branches:
Dungeon (1/15)


Innate Abilities, Weirdness & Mutations

Your attributes grow dramatically as you level up.
You have an increased reservoir of magic. (+10% MP)
You shall have no god before yourself.


Message History

You hit the rat.
You kill the rat!
Your bat barely misses the quokka.
Your bat closely misses the quokka.
You closely miss the quokka.
The quokka is lightly wounded.
Your bat misses the quokka. The quokka bites you.
* * * LOW HITPOINT WARNING * * *
Your bat hits the quokka but does no damage.
You catch the helpless quokka completely off-guard!
You hit the quokka but do no damage.
The quokka is lightly wounded.
Your bat hits the quokka.
Your bat closely misses the quokka.
The quokka barely misses you. The goblin closely misses your bat.
You closely miss the quokka.
The quokka is moderately wounded.
The quokka bites you but does no damage.
Your bat hits the quokka but does no damage.
The quokka barely misses you.
Your bat closely misses the quokka.
Casting: Summon Small Mammal (safe; 4% risk of failure)
Confirm with . or Enter, or press ? or * to list all spells.
You don't know that spell.
Casting: Summon Small Mammal (safe; 4% risk of failure)
Confirm with . or Enter, or press ? or * to list all spells.
The goblin closely misses you.
Your bat hits the goblin.
Your quokka bites the goblin.
Your bat completely misses the quokka.
The goblin hits your quokka with a +0 club.
Your quokka bites the goblin.
The goblin dies!
Your bat barely misses the quokka.
The quokka barely misses you. x2
Your bat closely misses the quokka.
You hit the quokka but do no damage.
The quokka is moderately wounded.
The quokka misses you.
Your quokka barely misses the quokka.
You hit the quokka but do no damage.
The quokka is moderately wounded.
The quokka completely misses you.
Your quokka bites the quokka.
The quokka bites you.
You die...

### ### #.###.#
#.....#
###.#.#.###
#.r.......#
####r#@#.#.#.####
#....b.#.#......#
##)#.###.###.#.##
#......<......#
###†#.###.###.#.##
#.......#.#...r..#
#.###.#.#.#r#.####
#..##.........#..#
#r.####.#.#.###..#


You could see a quokka (ally target) and a friendly bat (summoned).

Vanquished Creatures
  A rat (D:1)
1 creature vanquished.

Vanquished Creatures (collateral kills)
  A goblin (D:1)
  A ball python (D:1)
2 creatures vanquished.

Grand Total: 3 creatures vanquished

Notes
Turn   | Place    | Note
-------+----------+-------------------------------------------
     0 | D:1      | Aneyh the Demigod Summoner began the quest for the Orb.
     0 | D:1      | Reached XP level 1. HP: 14/14 MP: 5/5
   112 | D:1      | Slain by a quokka

Illustrated notes

Levels and vault maps discovered:
D:1:      roderic_chinese_lattice_arrival, layout_rooms,
          ebering_ecumenical_altar_box, minmay_pentomino_p4

Action                   || total
-------------------------++-------
Melee: Unarmed           ||    14
 Cast: Summon Small Mamm ||     6
 Stab: Distracted        ||     1
Armor: Robe              ||     3
Dodge: Dodged            ||    17

Table legend: (Time is in decaauts)
 A = Elapsed time spent in this place.
 B = Non-inter-level travel time spent in this place.
 C = Inter-level travel time spent in this place.
 D = Time resting spent in this place.
 E = Time spent auto-exploring this place.
 F = Levels seen in this place.
 G = Mean time per level.
                   A        B        C        D        E       F      G
               +--------+--------+--------+--------+--------+-----+--------+
         Total |    112 |    112 |      0 |      0 |     51 |   1 |  112.0 |
       Dungeon |    112 |    112 |      0 |      0 |     51 |   1 |  112.0 |
               +--------+--------+--------+--------+--------+-----+--------+

Top non-repeatable levels by time:
     D:1: 112 daAuts
